 Dungeon Crawl Stone Soup version 0.21-a0-442-g848f44b (webtiles) character file.

192 Gorice the Magician (level 5, 0/35 HPs)
             Began as a Demonspawn Wanderer on Nov 12, 2017.
             Succumbed to a big kobold's poison
             ... in a sewer.
             The game lasted 00:13:40 (2849 turns).

Gorice the Magician (Demonspawn Wanderer)           Turns: 2849, Time: 00:13:41

Health: 0/35       AC: 12    Str: 12    XL:     5   Next: 42%
Magic:  9/9        EV:  5    Int: 18    God:
Gold:   104        SH:  0    Dex: 11    Spells: 10/10 levels left

rFire    . . .     SeeInvis .     - Unarmed
rCold    . . .     Gourm    .   (no shield)
rNeg     . . .     Faith    .   p - +0 chain mail
rPois    .         Spirit   .   (no helmet)
rElec    .         Reflect  .   (no cloak)
rCorr    .         Harm     .   (no gloves)
MR       .....                  t - +0 pair of boots
Stlth    ..........             (no amulet)
HPRegen  0.11/turn              o - +2 ring of dexterity
MPRegen  0.11/turn              (no ring)

@: lethally poisoned (0 -> -39)
A: claws 1, thin metallic scales 1
a: no special abilities


You were in a sewer.
You were not hungry.

You visited 1 branch of the dungeon, and saw 3 of its levels.
You also visited: Sewer.

You collected 104 gold pieces.

Inventory:

Hand Weapons
 b - a +1 hand crossbow
Missiles
 c - 13 bolts
 Y - 62 stones (quivered)
Armour
 d - a +0 ring mail
 p - a +0 chain mail (worn)
 t - a +0 pair of boots (worn)
Jewellery
 o - a +2 ring of dexterity (left claw)
Scrolls
 e - a scroll of teleportation {!r}
 h - a scroll of remove curse
 n - a scroll of magic mapping {!r}
 r - 2 scrolls of identify
Potions
 i - 3 potions of might {!q}
 q - a potion of curing
 s - a potion of haste {!q}
Books
 a - a book of Minor Magic
Comestibles
 f - a bread ration {!e}
 g - 5 fruits
 j - a meat ration {!e}
 k - 3 chunks of flesh
 m - a royal jelly


   Skills:
 + Level 2.7 Crossbows
 + Level 3.0 Armour
 - Level 1.0 Stealth
 * Level 3.0 Unarmed Combat
 - Level 3.0 Spellcasting
   Level 1.0 Translocations
   Level 1.0 Fire Magic
   Level 1.0 Evocations


You had 10 spell levels left.
You didn't know any spells.

Dungeon Overview and Level Annotations

Branches:
Dungeon (3/15)

Altars:
Ashenzari
Gozag
Hepliaklqana

Annotations:
D:3 Celandrion's ghost, amateur DsFi


Innate Abilities, Weirdness & Mutations

You have sharp fingernails.
You are partially covered in thin metallic scales. (AC +2)


Message History

You are more poisoned.
Damage: 2 (max 2)
You closely miss the big kobold.
The big kobold is lightly wounded.
You feel sick. The big kobold barely misses you.
Damage: 1 (max 2) Unknown command.
You scratch the big kobold.
The big kobold is lightly wounded.
You feel very sick. The ball python bites you.
* * * LOW HITPOINT WARNING * * *
The ball python grabs you. The ball python constricts you.
Damage: 5 (max 5)
You closely miss the big kobold.
The big kobold is lightly wounded.
* * * LOW HITPOINT WARNING * * *
You feel sick.
The big kobold hits you but does no damage.
You are more poisoned.
The ball python bites you.
* * * LOW HITPOINT WARNING * * *
The ball python constricts you.
Damage: 4 (max 5)
Your chain mail prevents you from hitting the big kobold.
The big kobold is lightly wounded.
* * * LOW HITPOINT WARNING * * *
You feel sick.
The ball python bites you but does no damage.
The ball python constricts you.
The big kobold hits you but does no damage.
You are more poisoned.
Damage: 2 (max 5)
You escape the ball python's grasp.
* * * LOW HITPOINT WARNING * * *
You feel very sick.
The big kobold throws a stone.
The stone hits you but does no damage.
The ball python bites you but does no damage.
The ball python grabs you. The ball python constricts you.
Things that are here:
a stone; a poisoned needle; Damage: 4 (max 5)
You escape the ball python's grasp.
* * * LOW HITPOINT WARNING * * *
You feel very sick.
The ball python bites you but does no damage.
The ball python grabs you. The ball python constricts you.
Damage: 3 (max 5) Unknown command.
You escape the ball python's grasp.
You die...

#≈# # #≈ #≈# # #≈# #≈#
# #≈# #≈# # ##≈##
##≈## ## ##.≈.##
##≈≈.### ###.
#.≈..(####.....##≈##..
#...≈(†((≈(...≈≈≈≈≈≈≈.
#....@####.≈≈.≈#####≈.
##≈(S## ##...## ##.
##K## ##≈## ## #K# #≈#
# #.# #≈# # #.# ##≈##
## #≈. ##...## ##. ≈..
#≈.≈..#####.. .≈.
#≈..≈.≈≈≈≈≈..


You could see a big kobold, a ball python and a kobold.

Vanquished Creatures
  2 orc wizards (D:2)
  5 adders
  A river rat (Sewer)
  6 worms
  2 dart slugs
  4 leopard geckos
  An orc (D:2)
  2 bats (D:2)
  5 giant cockroaches
  5 hobgoblins
  4 jackals (D:1)
  A quokka (D:2)
  A ball python (Sewer)
  3 frilled lizards
  8 goblins
  2 kobolds
  7 rats
59 creatures vanquished.

Notes
Turn   | Place    | Note
-------+----------+-------------------------------------------
     0 | D:1      | Gorice the Demonspawn Wanderer began the quest for the Orb.
     0 | D:1      | Gorice set off with: a book of Minor Magic, a +0 hand crossbow, 24 bolts, a +0 ring mail, a bread ration {!e}
     0 | D:1      | Reached XP level 1. HP: 13/13 MP: 4/4
   122 | D:1      | Reached skill level 2 in Armour
   139 | D:1      | Gained mutation: You have sharp fingernails. [demonic ancestry]
   139 | D:1      | Reached XP level 2. HP: 19/19 MP: 6/6
   994 | D:1      | Reached skill level 2 in Crossbows
   994 | D:1      | Reached skill level 1 in Unarmed Combat
   994 | D:1      | Reached XP level 3. HP: 19/24 MP: 7/7
  1162 | D:2      | Found a shattered altar of Ashenzari.
  1435 | D:2      | Found a hazy altar of Hepliaklqana.
  1735 | D:2      | HP: 3/24 [orc wizard/magic dart (7)]
  1737 | D:2      | HP: 1/24 [orc wizard/dagger (2)]
  1747 | D:2      | Reached skill level 2 in Unarmed Combat
  1747 | D:2      | Gained mutation: You are partially covered in thin metallic scales. (AC +2) [demonic ancestry]
  1747 | D:2      | Reached XP level 4. HP: 10/30 MP: 8/8
  1747 | D:2      | HP: 8/30 [something (2)]
  2203 | D:2      | Reached XP level 5. HP: 31/35 MP: 9/9
  2327 | D:2      | Found an opulent altar of Gozag.
  2388 | D:3      | Noticed Celandrion's ghost (amateur DsFi)
  2492 | D:3      | Found a glowing drain.
  2532 | Sewer    | Entered a sewer
  2564 | Sewer    | Reached skill level 3 in Armour
  2782 | Sewer    | Reached skill level 3 in Unarmed Combat
  2846 | Sewer    | HP: 10/35 [poisoned by a big kobold]
  2848 | Sewer    | HP: 3/35 [poisoned by a big kobold]
  2849 | Sewer    | Succumbed to a big kobold's poison

Vault maps used:
D:1:      scummos_arrival_forest, corner_web_ring
D:2:      marbit_many_paths, lemuel_doored_altar, evilmike_ruin_ashenzari
D:3:      overflow_temple_1_default, gup_sewer_entry_bubbles, first_bread
Sewer:    sewer_co_15_rooms

Skill      XL: |  1  2  3  4  5 |
---------------+----------------+-----
Armour         | 2 3 |  3.0
Crossbows      | 2 |  2.7
Unarmed Combat | 1 2 3 |  3.0
Stealth        | |  1.0
Spellcasting   | |  3.0
Translocations | |  1.0
Fire Magic     | |  1.0
Evocations     | |  1.0

Action                   |  1- 3 |  4- 6 || total
-------------------------+-------+-------++-------
Melee: Unarmed           |   121 |    81 ||   202
       Punch             |       |     1 ||     1
 Fire: Hand crossbow     |    59 |    28 ||    87
  Use: Potion            |     2 |       ||     2
       Scroll            |       |     7 ||     7
  Eat: Chunk             |     3 |     3 ||     6
Armor: Ring mail         |    36 |       ||    36
       Chain mail        |    27 |    57 ||    84
Dodge: Dodged            |    63 |    22 ||    85

Table legend:
 A = Spawn XP
 B = Non-spawn XP
 C = Spawn XP percentage of total XP
 D = Spawn monster count
 E = Non-spawn monster count
 F = Spawn count percentage of total count
 G = Total turns spent on level
                    A         B        C        D         E        F      G
               +---------+---------+-------+---------+---------+-------+---------
         Total |       0 |     275 |   0.0 |       0 |      59 |   0.0 |  2849
               +---------+---------+-------+---------+---------+-------+---------
           D:1 |       0 |      47 |   0.0 |       0 |      20 |   0.0 |  1291
           D:2 |       0 |     155 |   0.0 |       0 |      24 |   0.0 |  1101
           D:3 |       0 |      21 |   0.0 |       0 |       7 |   0.0 |   140
         Sewer |       0 |      52 |   0.0 |       0 |       8 |   0.0 |   317
               +---------+---------+-------+---------+---------+-------+---------

Table legend:
 A = Turns spent in this place as a percentage of turns spent in the entire game.
 B = Non-inter-level travel turns spent in this place as a percentage of non-inter-level travel turns spent in the entire game.
 C = Inter-level travel turns spent in this place as a percentage of turns spent in this place.
 D = Turns resting spent in this place as a percentage of non-inter-level travel turns spent in this place.
 E = Turns spent auto-exploring this place as a percentage of non-inter-level travel turns spent in this place.
 F = Non-inter-level travel turns spent in this place divided by the number of levels of this place that you've seen.
                   A       B       C       D       E      F
               +-------+-------+-------+-------+-------+----------------------
         Total | 100.0 | 100.0 |   2.1 |  38.5 |  20.5 | 697.2
       Dungeon |  88.9 |  88.6 |   2.4 |  36.5 |  23.1 | 824.0
         Sewer |  11.1 |  11.4 |   0.0 |  53.9 |   0.0 | 317.0
               +-------+-------+-------+-------+-------+----------------------

Vault maps used:
D:1:      scummos_arrival_forest, corner_web_ring
D:2:      marbit_many_paths, lemuel_doored_altar, evilmike_ruin_ashenzari
D:3:      overflow_temple_1_default, gup_sewer_entry_bubbles, first_bread
Sewer:    sewer_co_15_rooms
